 Dungeon Crawl Stone Soup version 0.20.0-4-g10b340a (webtiles) character file.

65 KiwiOfAdowableness the Magician (level 3, 0/19 HPs)
             Began as a Deep Elf Fire Elementalist on May 26, 2017.
             Killed from afar by Sigmund (8 damage)
             ... with a puff of flame
             ... on level 2 of the Dungeon on May 27, 2017.
             The game lasted 00:03:20 (1362 turns).

KiwiOfAdowableness the Magician (DEFE)              Turns: 1362, Time: 00:03:21

Health: 0/19       AC:  4    Str:  5    XL:     3   Next: 92%
Magic:  6/11       EV: 13    Int: 20    God:
Gold:   14         SH:  0    Dex: 15    Spells: 11/12 levels left

rFire    . . .     SeeInvis .   m - +0 short sword
rCold    . . .     Gourm    .   (no shield)
rNeg     . . .     Faith    .   a - +0 robe
rPois    .         Spirit   .   (no helmet)
rElec    .         Reflect  .   (no cloak)
rCorr    .         Harm     .   (no gloves)
MR       .....                  (no boots)
Stlth    ++........             (no amulet)
Regen    0.1/turn               j - +2 ring of protection
MPRegen  0.2/turn               (no ring)

@: no status effects
A: no striking features
a: no special abilities


You were on level 2 of the Dungeon.
You were not hungry.

You visited 1 branch of the dungeon, and saw 2 of its levels.

You collected 14 gold pieces.

Inventory:

Hand Weapons
 m - a +0 short sword (weapon)
Armour
 a - a +0 robe (worn)
Jewellery
 j - a +2 ring of protection (left hand)
Scrolls
 e - a scroll of fear {unknown}
 g - a scroll of noise {unknown}
 h - a scroll of identify {unknown}
Potions
 d - 2 potions of magic {unknown}
 f - a potion of flight {unknown}
 l - a potion of might {unknown}
Books
 b - a book of Flames

   Spells                             Type                      Level
   a - Flame Tongue                   Conjuration/Fire             1
   b - Throw Flame                    Conjuration/Fire             2
   c - Conjure Flame                  Conjuration/Fire             3
   d - Inner Flame                    Hexes/Fire                   3
   e - Sticky Flame                   Conjuration/Fire             4
   f - Fireball                       Conjuration/Fire             5
Comestibles
 c - 2 bread rations
 i - a meat ration


   Skills:
 - Level 2.4 Dodging
 - Level 2.6 Stealth
 + Level 5.1 Spellcasting
 - Level 1.1 Conjurations
 - Level 3.8 Fire Magic


You had 11 spell levels left.
You knew the following spells:

 Your Spells              Type           Power        Failure   Level  Hunger
a - Flame Tongue          Conj/Fire      ###..        4%          1    None


Dungeon Overview and Level Annotations

Branches:
Dungeon (2/15)

Altars:
Ashenzari

Annotations:
D:2 Sigmund


Message History

You kill the adder!
Your Spellcasting skill increases to level 5!
Something hits you.
You start resting.
Something hits you.
Casting: Flame Tongue
Confirm with . or Enter, or press ? or * to list all spells.
Aiming: Flame Tongue
Press: ? - help, Shift-Dir - straight line Something hits you.
Casting: Flame Tongue
Confirm with . or Enter, or press ? or * to list all spells.
You don't know that spell.
Adjust (i)tems, (s)pells, or (a)bilities?
Okay, then.
Sigmund appears from thin air!
Reactivating autopickup.
Sigmund points at you and mumbles some strange words.
The puff of flame hits you!
You die...

# #....# #.#
####....# #.#
........# #..
##################
###
#..(.............#
#######..
#.##############.#
......... #.# #.#
######.# ..# #.#
#.. ### #@# ##.
##.# #. #..# #.
#.## #. #@# #. #.#
#######. #.#
........
#.################.
#...@..............


You could see Sigmund.

Vanquished Creatures
  Natasha (D:2)
  An adder (D:2)
  A worm (D:2)
  A dart slug (D:2)
  2 giant cockroaches (D:1)
  2 goblins (D:1)
  2 hobgoblins (D:1)
  4 jackals (D:1)
  3 kobolds (D:1)
  A ball python (D:1)
  5 bats
  A frilled lizard (D:1)
  4 rats
28 creatures vanquished.

Notes
Turn   | Place    | Note
-------+----------+-------------------------------------------
     0 | D:1      | KiwiOfAdowableness the Deep Elf Fire Elementalist began the quest for the Orb.
     0 | D:1      | Reached XP level 1. HP: 10/10 MP: 6/6
     1 | D:1      | Upgraded the game from 0.20.0-1-g1cb1d84 to 0.20.0-4-g10b340a
   172 | D:1      | Reached XP level 2. HP: 15/15 MP: 4/8
   693 | D:1      | Found a shattered altar of Ashenzari.
  1074 | D:2      | Reached skill level 4 in Spellcasting
  1094 | D:2      | Noticed Natasha
  1100 | D:2      | Killed Natasha
  1100 | D:2      | Reached XP level 3. HP: 7/19 MP: 2/11
  1306 | D:2      | Noticed Sigmund
  1340 | D:2      | Reached skill level 5 in Spellcasting
  1362 | D:2      | Killed from afar by Sigmund

Skill      XL: |  1  2  3 |
---------------+----------+-----
Spellcasting   | 4 5 |  5.1
Dodging        | |  2.4
Stealth        | |  2.6
Conjurations   | |  1.1
Fire Magic     | |  3.8

Action                   || total
-------------------------++-------
Melee: Unarmed           ||     1
 Cast: Flame Tongue      ||    53
  Eat: Chunk             ||     1
Armor: Robe              ||     6
Dodge: Dodged            ||    20
